 Dungeon Crawl Stone Soup version 0.27.0-1-g7a089689b8 (webtiles) character file.

Game seed: 4222819939942806875

269 Strat the Chopper (level 6, -8/52 HPs)
             Began as a Minotaur Gladiator on Aug 8, 2021.
             Killed by divine providence
             ... invoked by an orc priest
              (13 damage)
             ... in the Ecumenical Temple.
             The game lasted 00:07:37 (1673 turns).

Strat the Chopper (Minotaur Gladiator)              Turns: 1673, Time: 00:07:38

Health: -8/52      AC:  6    Str: 21    XL:     6   Next: 1%
Magic:  5/5        EV: 11    Int:  5    God:
Gold:   198        SH:  0    Dex: 11    Spells: 5/5 levels left

rFire    . . .     SeeInvis .   a - +0 war axe
rCold    . . .     Faith    .   (no shield)
rNeg     . . .     Spirit   .   f - +0 ring mail
rPois    .         Reflect  .   c - +0 hat
rElec    .         Harm     .   (no cloak)
rCorr    .         Rampage  .   k - +0 pair of gloves
Will     .....                  (no boots)
Stlth    +.........             (no amulet)
HPRegen  0.17/turn              (no ring)
MPRegen  0.09/turn              (no ring)

@: no status effects
A: horns 2, retaliatory headbutt
a: no special abilities


You were in the Ecumenical Temple.
You visited 2 branches of the dungeon, and saw 5 of its levels.

You collected 198 gold pieces.

Inventory:

Hand Weapons
 a - a +0 war axe (weapon)
 b - a +0 hunting sling
 o - a +0 war axe
Missiles
 d - 3 throwing nets (quivered)
 i - 94 stones
 l - 8 javelins
Armour
 c - a +0 hat (worn)
 f - a +0 ring mail (worn)
 h - a +0 leather armour
 k - a +0 pair of gloves (worn)
Scrolls
 e - a scroll of teleportation
Potions
 g - a potion of heal wounds {unknown}
 m - a potion of attraction {unknown}
 n - a potion of haste {unknown}
 p - a potion of degeneration {unknown}


   Skills:
 + Level 4.2 Fighting
 * Level 6.3 Axes
 - Level 2.0 Throwing
 + Level 3.3 Armour
 - Level 3.2 Dodging


You had 5 spell levels left.
You didn't know any spells.
Your spell library contained the following spells:

 Spells                   Type           Power      Damage    Failure   Level
 Magic Dart               Conj           0%         1d3       65%         1
 Shock                    Conj/Air       0%         1d3       65%         1
 Searing Ray              Conj           0%         3d3       78%         2
 Swiftness                Air            0%         N/A       95%         3
 Airstrike                Air            0%         N/A       100%        4
 Fulminant Prism          Conj/Hex       0%         3d6       100%        4


Dungeon Overview and Level Annotations

Branches:
Dungeon (4/15)             Temple (1/1) D:4

Altars:
Ashenzari
Okawaru
Trog
Xom
The Shining One

Shops:
D:2 (*   D:4 [

Annotations:
D:4 2 runed translucent doors


Innate Abilities, Weirdness & Mutations

You have a pair of horns on your head.
You reflexively headbutt those who attack you in melee.


Message History

Beogh smites you!
* * * LOW HITPOINT WARNING * * *
The adder bites you but does no damage.
You climb downwards.
Welcome to the Ecumenical Temple!
Found three altars.
There is a staircase back to the Dungeon here.
As you read the scroll of teleportation, it crumbles to dust.
You feel strangely unstable. The black bear bites you!
* * * LOW HITPOINT WARNING * * *
The black bear claws you but does no damage.
The black bear claws you.
* * * LOW HITPOINT WARNING * * *
The adder barely misses you.
You feel better. The black bear bites you.
* * * LOW HITPOINT WARNING * * *
The black bear claws you.
* * * LOW HITPOINT WARNING * * *
The black bear claws you but does no damage.
The adder bites you.
* * * LOW HITPOINT WARNING * * *
You are poisoned.
The adder poisons you!
You closely miss the adder.
The adder is heavily wounded.
You hit the black bear.
Your surroundings seem slightly different.
You feel sick.
The orc priest miscasts a cantrip.
You feel sick.
You feel sick.
You feel sick. The adder closely misses you. You furiously retaliate!
You headbutt the adder.
You feel sick.
You feel sick.
You are no longer poisoned.
The adder closely misses you.
The orc priest begins to cast a cantrip, but forgets the words!
The orc priest invokes the aid of Beogh against you.
Beogh smites you!
You die...

..# ♣ #.# ♣≈ ..#
♣≈ #.# ♣≈...#
♣≈.#.# ♣≈...#
♣≈.#@# ♣≈..S# .
♣≈.#.#8._._._.8
♣≈..h# ........
♣≈.#.# ........
♣≈...# .......
♣≈.#o####...####
♣≈......o......
♣≈.#.#.#.#.#.#.#.#


You could see a black bear, an orc priest and an adder.

Vanquished Creatures
  A scorpion (D:4)
  A water moccasin skeleton (D:4)
  An iguana (D:4)
  5 adders
  2 dart slugs
  7 orcs
  6 bats
  5 endoplasms
  5 giant cockroaches
  10 goblins
  7 hobgoblins
  5 jackals
  A quokka (D:3)
  6 ball pythons
  6 frilled lizards
  5 kobolds
  3 rats
76 creatures vanquished.

Notes
Turn   | Place    | Note
-------+----------+-------------------------------------------
     0 | D:1      | Strat the Minotaur Gladiator began the quest for the Orb.
     0 | D:1      | Reached XP level 1. HP: 18/18 MP: 0/0
    75 | D:1      | Reached skill level 4 in Axes
    75 | D:1      | Reached XP level 2. HP: 19/25 MP: 1/1
    83 | D:1      | Reached skill level 1 in Armour
   391 | D:2      | Found Sierulen's General Store.
   396 | D:2      | Found Dutuxurgh's Weapon Boutique.
   410 | D:2      | Reached XP level 3. HP: 16/30 MP: 2/2
   928 | D:3      | Reached XP level 4. HP: 38/38 MP: 3/3
   940 | D:3      | Reached skill level 5 in Axes
  1118 | D:3      | Found a bloodstained altar of Trog.
  1271 | D:4      | Noticed a scorpion
  1284 | D:4      | Killed a scorpion
  1285 | D:4      | Reached XP level 5. HP: 14/46 MP: 4/4
  1294 | D:4      | Found a large runed translucent door.
  1295 | D:4      | Found a large runed translucent door.
  1430 | D:4      | Found Rihurodo's Armour Shoppe.
  1459 | D:4      | Reached skill level 6 in Axes
  1472 | D:4      | Found a broken altar of Ashenzari.
  1565 | D:4      | Reached XP level 6. HP: 36/52 MP: 5/5
  1650 | D:4      | Found a staircase to the Ecumenical Temple.
  1661 | Temple   | Entered the Ecumenical Temple
  1673 | Temple   | Killed from afar by an orc priest

Illustrated notes

Levels and vault maps discovered:
D:1:      saegor_arrival_simple_a, layout_basic
D:2:      layout_rooms, dreamdust_ecumenical_altar_hidden_monk_grotto,
          serial_shops, shop, shop_statue, nicolae_shop_behind_doors,
          nicolae_shop_trees, hangedman_decor_clover_reticule,
          amcnicky_mini_corridor_feature, minivault_11, minmay_hexomino_p4,
          uniq_crazy_yiuf_cottage
D:3:      minmay_thinvault, layout_loops_ring,
          mainiacjoe_overflow_large_starburst
D:4:      layout_rooms, evilmike_ruin_ashenzari, jmf_multi_god_temple2,
          minmay_temple_entry_mini_moons, serial_shops, shop, st_stairs_3
Temple:   lightli_temple_of_artemis

Skill      XL: |  1  2  3  4  5 |
---------------+----------------+-----
Axes           | 4 5 6 |  6.3
Armour         | 1 2 3 |  3.3
Fighting       | 3 4 |  4.2
Throwing       | |  2.0
Dodging        | |  3.2

Action                   |  1- 3 |  4- 6 || total
-------------------------+-------+-------++-------
Melee: War axe           |    72 |    63 ||   135
       Headbutt          |    10 |     8 ||    18
 Fire: Hunting sling     |       |    23 ||    23
  Use: Scroll            |       |     4 ||     4
       Potion            |       |     3 ||     3
Armor: Leather armour    |     6 |       ||     6
       Ring mail         |    24 |    37 ||    61
Dodge: Dodged            |    63 |    70 ||   133
